 Dungeon Crawl Stone Soup version 0.24.0-1-gfbc8707122 (webtiles) character file.

Game seed: 1652578957799774968, levelgen mode: deterministic

106864 Mesmaeker13 the Geomancer (level 15, 0/110 (113) HPs)
             Began as a Demigod Wanderer on Oct 25, 2019.
             Killed from afar by Totodit's ghost (39 damage)
             ... with a blast of rock fragments
             ... on level 6 of the Lair of Beasts on Oct 26, 2019.
             The game lasted 02:17:33 (49730 turns).

Mesmaeker13 the Geomancer (Demigod Wanderer)       Turns: 49730, Time: 02:17:34

HP:   0/110 (113)   AC: 13    Str: 17    XL:     15   Next: 50%
MP:   3/32          EV: 20    Int: 22    God:
Gold: 1525          SH: 15    Dex: 17    Spells: 16/30 levels left

rFire    . . .     SeeInvis +   e - +4 scimitar (flame)
rCold    . . .     Gourm    .   S - +0 shield
rNeg     . . .     Faith    .   j - +0 acid dragon scales
rPois    +         Spirit   .   n - +2 hat
rElec    .         Reflect  +   C - +0 cloak
rCorr    +         Harm     .   U - +0 pair of gloves {archery}
MR       +....                  z - +0 pair of boots
Stlth    ++........             J - +3 amulet of reflection
HPRegen  0.28/turn              E - ring of see invisible
MPRegen  0.23/turn              L - ring of poison resistance

@: no status effects
A: high mp 1
a: no special abilities


You were on level 6 of the Lair of Beasts.
You were not hungry.

You visited 4 branches of the dungeon, and saw 24 of its levels.
You also visited: Sewer.

You collected 3051 gold pieces.
You spent 1526 gold pieces at shops.

Inventory:

Hand Weapons
 e - a +4 scimitar of flaming (weapon)
 M - a cursed +4 long sword of freezing
Missiles
 k - 63 stones
 F - 8 silver boomerangs
 T - 2 throwing nets (quivered)
Armour
 j - +0 acid dragon scales (worn)
 n - a +2 hat (worn)
 z - a +0 pair of boots (worn)
 C - a +0 cloak (worn)
 S - a +0 shield (worn)
 U - a +0 pair of gloves of archery (worn)
Jewellery
 u - an uncursed ring of protection from fire
 y - an uncursed ring of protection from magic
 A - an uncursed amulet of the acrobat
 E - a ring of see invisible (left hand)
 J - a +3 amulet of reflection (around neck)
 L - a ring of poison resistance (right hand)
Wands
 m - a wand of iceblast (10)
 W - a wand of digging (3)
 X - a wand of clouds (1)
 Z - a wand of paralysis (3)
Scrolls
 b - 4 scrolls of fog
 c - 8 scrolls of teleportation
 o - 2 scrolls of remove curse
 r - 3 scrolls of blinking
 w - 2 scrolls of magic mapping
 H - a scroll of fear
 I - 2 scrolls of summoning
 R - 2 scrolls of holy word
Potions
 a - a potion of invisibility
 h - 2 potions of might
 i - 3 potions of ambrosia
 l - 3 potions of flight
 p - 4 potions of mutation {unknown}
 t - a potion of resistance
 v - 2 potions of berserk rage {unknown}
 x - a potion of heal wounds
 B - a potion of curing
 D - 4 potions of magic {unknown}
 O - 2 potions of haste
 P - 3 potions of brilliance
 V - 2 potions of cancellation
Miscellaneous
 G - a lamp of fire
 N - a sack of spiders
 Y - a crystal ball of energy
Comestibles
 f - 6 rations


   Skills:
 - Level 5.0 Fighting
   Level 1.7(3.8) Short Blades
 - Level 5.2(5.4) Long Blades
 - Level 1.0 Throwing
 + Level 6.1 Armour
 - Level 13.0 Dodging
 - Level 1.0 Stealth
 + Level 9.8 Shields
 - Level 8.3 Spellcasting
 - Level 7.3 Conjurations
 - Level 5.4 Charms
 - Level 5.2 Necromancy
   Level 1.0 Air Magic
 + Level 13.2 Earth Magic
   Level 2.0 Poison Magic


You had 16 spell levels left.
You knew the following spells:

 Your Spells              Type           Power        Failure   Level  Hunger
b - Sandblast             Erth           ######       1%          1    None
c - Stone Arrow           Conj/Erth      ######       1%          3    None
d - Lee's Rapid Deconstr  Erth           ######....   2%          5    #####..
e - Passwall              Tmut/Erth      #####...     1%          2    None
f - Regeneration          Chrm/Necr      ####......   6%          3    None

Your spell library contained the following spells:

 Spells                   Type           Power        Failure   Level  Hunger
 Infusion                 Chrm           ####         1%          1    None
 Magic Dart               Conj           ####         1%          1    None
 Searing Ray              Conj           #####.       1%          2    None
 Animate Skeleton         Necr           N/A          2%          1    None
 Pain                     Necr           ####         2%          1    None
 Sting                    Conj/Pois      ####         2%          1    None
 Song of Slaying          Chrm           ####....     3%          2    None
 Vampiric Draining        Necr           ####......   6%          3    None
 Swiftness                Chrm/Air       ###.....     8%          2    None
 Shroud of Golubria       Chrm/Tloc      ###...       9%          2    None
 Iskenderun's Mystic Bla  Conj           #####...     9%          4    ###....
 Static Discharge         Conj/Air       ####....     10%         3    None
 Dazzling Spray           Conj/Hex       ####..       12%         3    None
 Petrify                  Tmut/Erth      #####...     12%         4    ###....
 Confusing Touch          Hex            #.....       19%         1    None
 Summon Small Mammal      Summ           #...         19%         1    None
 Spectral Weapon          Hex/Chrm       ###.....     19%         3    None
 Animate Dead             Necr           N/A          22%         4    ###....
 Call Imp                 Summ           #.......     28%         2    None
 Spider Form              Tmut/Pois      ##........   34%         3    None
 Force Lance              Conj/Tloc      ####....     38%         4    ###....
 Fulminant Prism          Conj/Hex       ####......   38%         4    ###....
 Call Canine Familiar     Summ           #.......     50%         3    None
 Confuse                  Hex            #.......     50%         3    None
 Gell's Gravitas          Tloc           #.........   50%         3    None
 Summon Guardian Golem    Hex/Summ       #.......     50%         3    None
 Lightning Bolt           Conj/Air       ####......   67%         5    #####..
 Summon Lightning Spire   Summ/Air       ##......     83%         4    ###....
 Passage of Golubria      Tloc           N/A          88%         4    ###....
 Summon Ice Beast         Ice/Summ       #.......     88%         4    ###....
 Metabolic Englaciation   Hex/Ice        #.........   99%         5    #####..
 Yara's Violent Unravell  Hex/Tmut       #.........   99%         5    #####..
 Darkness                 Hex            #.........   100%        6    ######.
 Invisibility             Hex            #.......     100%        6    ######.
 Ignition                 Fire           #.........   100%        8    #######
 Shatter                  Erth           ######....   100%        9    #######
 Tornado                  Air            ##........   100%        9    #######


Dungeon Overview and Level Annotations

Branches:
Dungeon (15/15)            Temple (0/1) D:5            Lair (6/6) D:11
  Swamp (1/4) Lair:4        Snake (0/4) Lair:4        Slime (0/5) Lair:6
    Orc (2/2) D:10            Elf (0/3) Orc:2        Vaults (0/5) D:13
 Depths (0/5) D:15          Sewer (visited)

Shops:
D:6 =%%*   D:11 (=?   Orc:1 (   Orc:2 *}%(

Annotations:
D:2 1 runed translucent door, Crazy Yiuf
D:7 Pikel
D:9 Erolcha
D:10 1 runed translucent door, jblackbelt's ghost, journeyman GrEE
Lair:6 1 exclusion, Totodit's ghost, journeyman GrEE


Innate Abilities, Weirdness & Mutations

You have an increased reservoir of magic. (+10% MP)


Message History

Totodit's ghost is moderately damaged.
Casting: Stone Arrow (safe; 1% risk of failure)
Confirm with . or Enter, or press ? or * to list all spells.
Aiming: Stone Arrow (safe; 1% risk of failure)
Press: ? - help, Shift-Dir - straight line, f/p - Totodit's ghost
Aim: Totodit's ghost, wielding a weapon of speed (moderately damaged)
The stone arrow misses Totodit's ghost.
Totodit's ghost gestures at you while chanting.
The orb of energy hits you!!
Casting: Stone Arrow (safe; 1% risk of failure)
Confirm with . or Enter, or press ? or * to list all spells.
Aiming: Stone Arrow (safe; 1% risk of failure)
Press: ? - help, Shift-Dir - straight line, f/p - Totodit's ghost
Aim: Totodit's ghost, wielding a weapon of speed (moderately damaged)
The stone arrow hits Totodit's ghost but does no damage.
Totodit's ghost is moderately damaged.
You block Totodit's ghost's attack.
Totodit's ghost gestures at you while chanting.
The wall shatters!
The blast of rock fragments hits you!!!
You die...

.#.#...#.......#......#..#
.....#..##....###....#..##
...#....###...# #.#.###..#
........##....########...##
≈..#...P........###.#.....#
#..#....................###
#..#.....[..............#
#..#..............W.....#
#..#........)...@.......##
................###.#....#
...#..#......#.###.##...##
...#.##.......###...##).#
#####.##.....#.#...P##..#
## #.##......#.....##..##
.# ##..#.........<......P#
####...#.............P..##
.##.###.#.....PPP.......#


You could see Totodit's ghost.

Vanquished Creatures
  An orc warlord (D:10)
  A dire elephant (Lair:6)
  Snorg (Orc:1)
  A death ooze (Lair:5)
  An ettin (D:12)
  A merfolk impaler (D:13)
  A fire dragon (Lair:6)
  A yaktaur captain (D:15)
  Harold (D:7)
  5 centaur warriors
  9 hydras
  An alligator (Swamp:1)
  A merfolk avatar (D:13)
  2 ogre magi (Orc:2)
  A death knight (D:12)
  Erica (D:8)
  9 two-headed ogres
  4 death yaks (Lair:5)
  2 tengu warriors (D:15)
  Urug (Orc:1)
  A skeletal warrior (D:12)
  2 wizards
  A swamp dragon (Lair:6)
  2 deep trolls
  2 unseen horrors (D:15)
  2 phantasmal warriors (D:12)
  An orc knight (Orc:1)
  3 deep elf magi
  A necromancer (D:14)
  4 oklob plants
  12 ugly things
  5 cyclopes
  A manticore (D:12)
  Maurice (D:13)
  5 black mambas
  A guardian serpent (shapeshifter) (D:15)
  16 spiny frogs
  2 gargoyles
  An elephant (Lair:3)
  A freezing wraith (D:12)
  7 rime drakes
  4 komodo dragons
  A yaktaur (D:15)
  A kobold demonologist (D:14)
  11 trolls
  3 hornets
  2 tyrant leeches (Swamp:1)
  9 polar bears (Lair:6)
  11 hippogriffs
  Grinder (D:5)
  19 slime creatures
  5 raiju (Lair:6)
  17 blink frogs
  2 dream sheep (Lair:6)
  2 vampires
  A wraith (D:12)
  A water elemental (D:15)
  34 yaks
  3 basilisks
  11 humans (D:13)
  2 wyverns
  2 steam dragons (Lair:6)
  A yak (shapeshifter) (D:12)
  9 vampire mosquitoes
  A hungry ghost (D:15)
  5 wargs
  A swamp worm (Swamp:1)
  5 nagas (Lair:4)
  A soldier ant (D:12)
  12 hell hounds (Lair:6)
  3 acid dragons
  2 swamp drakes (Lair:6)
  13 water moccasins
  A floating eye (Lair:2)
  2 slaves (D:7)
  5 porcupines
  A black bear (shapeshifter) (D:14)
  18 orc warriors
  4 sky beasts
  5 ice beasts
  14 black bears
  An eye of draining (shapeshifter) (D:14)
  29 ogres
  4 phantoms
  26 wolves
  8 centaurs
  12 crocodiles
  3 big kobolds
  15 bullfrogs
  A gnoll sergeant (D:10)
  10 scorpions
  2 wyvern skeletons
  3 killer bees (D:12)
  19 wights
  A howler monkey (D:8)
  4 electric eels (Lair:4)
  7 centaur zombies
  6 crimson imps
  4 bullfrog zombies
  4 centaur skeletons
  8 hounds
  7 jellies
  5 bullfrog skeletons
  A gnoll shaman (D:8)
  20 orc wizards
  15 orc priests
  Jessica (D:2)
  3 iguanas
  7 worker ants
  9 hell rats (Lair:2)
  3 hound zombies
  2 hound skeletons
  A worker ant zombie (D:11)
  17 adders
  15 gnolls
  2 howler monkey skeletons
  12 river rats (Lair:2)
  5 shadow imps
  8 oozes
  2 adder skeletons (D:4)
  4 worms
  3 dart slugs (D:1)
  4 leopard geckos
  80 orcs
  12 giant cockroaches
  5 goblins
  8 hobgoblins
  7 jackals
  20 kobolds
  9 quokkas
  2 ball pythons
  14 bats
  15 frilled lizards
  A leopard gecko skeleton (D:4)
  A quokka skeleton (D:5)
  24 rats
  4 fungi (D:8)
  A plant (Lair:2)
877 creatures vanquished.

Vanquished Creatures (collateral kills)
  An orc knight (D:11)
  A polar bear (Lair:6)
  2 wargs (Lair:6)
  An ogre (Orc:1)
5 creatures vanquished.

Vanquished Creatures (others)
  Nessos (D:15)
  A human (D:13)
  A centaur (D:12)
  A kobold (D:11)
  2 fungi
  14 plants
20 creatures vanquished.

Grand Total: 902 creatures vanquished

Notes
Turn   | Place    | Note
-------+----------+-------------------------------------------
     0 | D:1      | Mesmaeker13 the Demigod Wanderer began the quest for the
                  | Orb.
     0 | D:1      | Mesmaeker13 set off with the following items: a +0 dagger,
                  | a scroll of teleportation, a +0 robe, a ration; and the
                  | following spells available to memorise: Sandblast,
                  | Passwall, Sting, Stone Arrow, Spider Form, Petrify, Lee's
                  | Rapid Deconstruction
     0 | D:1      | Reached XP level 1. HP: 14/14 MP: 3/3
   913 | D:1      | Reached XP level 2. HP: 20/20 MP: 5/5
   916 | D:1      | Learned a level 1 spell: Sting
   938 | D:1      | Reached skill level 1 in Spellcasting
  1954 | D:1      | Learned a level 1 spell: Sandblast
  2057 | D:1      | Reached XP level 3. HP: 26/26 MP: 6/6
  2073 | D:1      | Reached skill level 1 in Conjurations
  2073 | D:1      | Reached skill level 1 in Poison Magic
  2801 | D:2      | Found a runed translucent door.
  2802 | D:2      | Noticed Crazy Yiuf
  2985 | D:2      | Noticed Jessica
  3178 | D:2      | Killed Jessica
  3178 | D:2      | Reached XP level 4. HP: 33/33 MP: 6/8
  3957 | D:2      | Found an ancient bone altar of Kikubaaqudgha.
  4103 | D:3      | Found a glowing silver altar of Zin.
  4549 | D:2      | Reached XP level 5. HP: 32/38 MP: 3/9
  4756 | D:3      | Found a hazy altar of Hepliaklqana.
  5159 | D:4      | Noticed an ogre
  5586 | D:4      | Killed an ogre
  5798 | D:4      | Reached XP level 6. HP: 35/45 MP: 8/10
  6354 | D:4      | Learned a level 3 spell: Stone Arrow
  6400 | D:4      | Found a radiant altar of Vehumet.
  6620 | D:4      | Reached XP level 7. HP: 50/50 MP: 8/11
  6764 | D:5      | Entered Level 5 of the Dungeon
  6782 | D:5      | Found an ancient bone altar of Kikubaaqudgha.
  6853 | D:5      | Reached skill level 5 in Earth Magic
  7232 | D:5      | Noticed Grinder
  7387 | D:5      | Noticed a hornet
  7492 | D:5      | Paralysed by Grinder for 2 turns
  7498 | D:5      | Killed Grinder
  7498 | D:5      | Reached skill level 5 in Dodging
  7688 | D:5      | Found a blossoming altar of Fedhas.
  7790 | D:6      | Reached XP level 8. HP: 57/57 MP: 8/12
  7850 | D:6      | Found Baisasol's Jewellery Shop.
  7891 | D:6      | Found Voischea's Assorted Antiques.
  7981 | D:6      | Found Kodd's Food Shoppe.
  8019 | D:6      | Found Ytekhlu's Food Shop.
  8067 | D:6      | Reached skill level 5 in Conjurations
  8218 | D:6      | Found a glowing drain.
  8227 | Sewer    | Entered a sewer
  9137 | D:6      | Bought an uncursed ring of poison resistance for 300 gold
                  | pieces
  9379 | D:7      | Noticed a hippogriff
  9391 | D:7      | Killed a hippogriff
 10101 | D:7      | Noticed Pikel
 10541 | D:7      | Noticed Harold
 10617 | D:7      | Killed Harold
 10617 | D:7      | Reached XP level 9. HP: 51/62 MP: 3/18
 10726 | D:7      | Found a shattered altar of Ashenzari.
 11372 | D:8      | Noticed Erica
 11393 | D:8      | Killed Erica
 11519 | D:8      | Reached skill level 5 in Spellcasting
 11588 | D:8      | Reached XP level 10. HP: 28/69 MP: 9/21
 11998 | D:8      | Learned a level 5 spell: Lee's Rapid Deconstruction
 12308 | D:8      | Reached skill level 1 in Fighting
 13865 | D:9      | Noticed Erolcha
 14033 | D:6      | Bought a potion of heal wounds for 105 gold pieces
 14150 | D:5      | Found a staircase to the Ecumenical Temple.
 14320 | D:5      | Found a glowing golden altar of the Shining One.
 14321 | D:5      | Found a snail-covered altar of Cheibriados.
 14647 | D:10     | Entered Level 10 of the Dungeon
 15226 | D:10     | Found a runed translucent door.
 15287 | D:10     | Noticed jblackbelt's ghost (journeyman GrEE)
 15924 | D:10     | Found a staircase to the Orcish Mines.
 16917 | D:9      | Noticed a two-headed ogre
 16922 | D:9      | Killed a two-headed ogre
 17246 | D:10     | Reached XP level 11. HP: 85/85 MP: 13/22
 17887 | D:11     | Found Jyqahuf's Jewellery Emporium.
 17945 | D:11     | Found Unlaq's Weapon Shoppe.
 18010 | D:11     | You fall into a shaft and drop 1 floor!
 18010 | D:12     | Noticed a six-headed hydra
 18094 | D:11     | Reached skill level 5 in Fighting
 18300 | D:10     | Reached skill level 1 in Long Blades
 18714 | D:11     | Reached skill level 10 in Dodging
 18856 | D:11     | Found Wukiw's Magic Scroll Boutique.
 18893 | D:11     | Bought a scroll of identify for 20 gold pieces
 18893 | D:11     | Bought a scroll of identify for 20 gold pieces
 18893 | D:11     | Bought a scroll of identify for 20 gold pieces
 18905 | D:11     | Bought a scroll of fear for 35 gold pieces
 19040 | D:11     | Found a staircase to the Lair.
 19187 | Lair:1   | Entered Level 1 of the Lair of Beasts
 19208 | Lair:1   | Learned a level 2 spell: Passwall
 21016 | Lair:2   | Learned a level 3 spell: Regeneration
 23223 | Lair:3   | Reached skill level 10 in Earth Magic
 23289 | Lair:3   | Reached XP level 12. HP: 94/94 MP: 20/23
 23399 | Lair:3   | Reached skill level 5 in Long Blades
 23498 | Lair:3   | Reached skill level 1 in Necromancy
 24211 | Lair:4   | Reached skill level 1 in Shields
 24309 | Lair:4   | Found a staircase to the Swamp.
 25133 | Lair:4   | Found a staircase to the Snake Pit.
 25567 | Lair:5   | Noticed a four-headed hydra
 25574 | Lair:5   | Killed a four-headed hydra
 27466 | Lair:5   | Got a faintly glowing chain mail
 27763 | Lair:5   | Identified the cursed +1 chain mail of Immuaxod {+Fly rF-
                  | Slay+3} (You found it on level 5 of the Lair of Beasts)
 27788 | Lair:6   | Entered Level 6 of the Lair of Beasts
 27791 | Lair:6   | Reached XP level 13. HP: 79/100 MP: 21/24
 27850 | Lair:6   | Found a runed translucent gate.
 27850 | Lair:6   | Found a runed translucent gate.
 27850 | Lair:6   | Found a runed translucent gate.
 27852 | Lair:6   | Found a viscous altar of Jiyva.
 27852 | Lair:6   | Noticed Totodit's ghost (journeyman GrEE)
 28195 | Lair:6   | Reached skill level 5 in Necromancy
 28345 | Lair:6   | Noticed a dire elephant
 28364 | Lair:6   | Reached skill level 5 in Shields
 28448 | Lair:6   | Found a viscous altar of Jiyva.
 28449 | Lair:6   | Found a staircase to the Slime Pits.
 28580 | Lair:6   | Killed a dire elephant
 28664 | Lair:6   | Reached skill level 1 in Charms
 31197 | D:11     | Bought an uncursed ring of protection from fire for 350
                  | gold pieces
 33059 | Orc:1    | Entered Level 1 of the Orcish Mines
 33088 | Orc:1    | Noticed an orc warlord
 33277 | D:10     | Killed an orc warlord
 34347 | Orc:1    | Noticed Urug
 34391 | Orc:1    | Killed Urug
 34635 | Orc:1    | Found a runed translucent door.
 35004 | Orc:1    | Found a roughly hewn altar of Beogh.
 35067 | Orc:2    | Entered Level 2 of the Orcish Mines
 35111 | Orc:1    | Noticed Snorg
 35125 | Orc:1    | Killed Snorg
 35125 | Orc:1    | Reached XP level 14. HP: 94/107 MP: 3/26
 35210 | Orc:1    | Found Zatsoecs's Weapon Shop.
 35580 | Orc:2    | Found a roughly hewn altar of Beogh.
 35763 | Orc:2    | Found a staircase to the Elven Halls.
 35967 | Orc:2    | Found Athref's Assorted Antiques.
 36362 | Orc:2    | Reached skill level 5 in Charms
 37600 | Orc:2    | Reached skill level 1 in Armour
 37886 | Orc:2    | Found Wofenti's Gadget Shop.
 37889 | Orc:2    | Found Nips's Food Emporium.
 37895 | Orc:2    | Found Cureim's Antique Weapon Boutique.
 38022 | Orc:2    | Bought a scroll of blinking for 195 gold pieces
 38022 | Orc:2    | Bought a scroll of blinking for 195 gold pieces
 38022 | Orc:2    | Bought a scroll of identify for 52 gold pieces
 38022 | Orc:2    | Bought a fine morningstar for 234 gold pieces
 38024 | Orc:2    | Identified the +5 morningstar of Zoxisaon {speed, +Blink
                  | Int+2 Dex-5} (You bought it in a shop on level 2 of the
                  | Orcish Mines)
 43274 | D:13     | Noticed Maurice
 43290 | D:13     | Killed Maurice
 43529 | D:13     | Identified the +1 great sword of the People {antimagic, rN+
                  | Str+2}
 43769 | D:13     | Found a gate to the Vaults.
 43865 | D:13     | Found a runed translucent door.
 43865 | D:13     | Found a runed translucent door.
 43876 | D:13     | Found a runed translucent door.
 43976 | D:13     | Reached XP level 15. HP: 113/113 MP: 14/30
 44391 | D:13     | Got a faintly glowing morningstar
 44393 | D:13     | Identified the cursed +0 morningstar "Killer Bee's Bane"
                  | {freeze, rPois rC+} (You found it on level 13 of the
                  | Dungeon)
 44397 | D:13     | Identified a scroll of acquirement
 45671 | D:14     | Reached skill level 5 in Armour
 47035 | D:15     | Entered Level 15 of the Dungeon
 47361 | D:15     | Noticed Nessos
 47376 | D:15     | Killed Nessos
 48057 | D:15     | Found a staircase to the Depths.
 48608 | D:15     | Found a burning altar of Makhleb.
 48916 | Swamp:1  | Entered Level 1 of the Swamp
 49730 | Lair:6   | Killed from afar by Totodit's ghost

Levels and vault maps discovered:
D:1:      onia_arrival_mini_spirals, layout_basic, minmay_heptomino_l4
D:2:      layout_loops_ring, lemuel_coloured_pillars_altar, uniq_jessica,
          uniq_crazy_yiuf_cottage
D:3:      layout_basic, lemuel_crystal_altar, old_standard_altar, first_ration
D:4:      minmay_inner_zag, layout_rooms, lemuel_doored_altar
D:5:      layout_rooms, minitemple, nicolae_overflow_crystal_walls,
          minmay_temple_entry_hall, basic_altar, moated_statue,
          supply_closet_lemuel, uniq_grinder
D:6:      layout_gridville, serial_shops, nicolae_shop_trees, shop, shop, shop,
          cheibrodos_sewer_entry_sluice, minivault_1,
          corexii_mini_fake_secret_closet
D:7:      minmay_general_purpose_star, layout_basic,
          cheibrodos_ashenzari_chains, minmay_crystal_water, kennysheep_path_1,
          uniq_pikel, uniq_harold
D:8:      old_forge, layout_rooms, hangedman_little_slice_of_home, uniq_erica
D:9:      layout_grid_maze, minivault_8, uniq_erolcha
D:10:     layout_basic, kennysheep_orc_monster_closet_entryway,
          ebering_ghost_reflecting_pool
D:11:     layout_big_octagon, david_lair_shrubbed, serial_shops,
          nicolae_shop_temple_entry_statues_fountains, nicolae_shop_stone,
          kennysheep_mini_moat
D:12:     kennysheep_snake, layout_loops_ring
D:13:     layout_long_grid, ximxim_vaults_locker_room, mikee_hates_you,
          uniq_maurice
D:14:     layout_irregular_city, minmay_misc_feat_columns, minmay_checkerbox
D:15:     grunt_enter_depths_snipers, layout_irregular_city,
          serial_bayou_shore_a, skrybe_limestone_x, grunt_decor_cap,
          minivault_5, makhleb_altar_promises_db, uniq_nessos
Lair:1:   layout_cave_pods
Lair:2:   lemuel_ratsnest, layout_loops_ring, disabler_island
Lair:3:   layout_hall_layers, portal_ice_cave_entry_pillars_1,
          grunt_megastairs_5, lemuel_fruit_fields, infiniplex_staircase_pool_2,
          minmay_lair_oklob_chamber
Lair:4:   layout_long_grid, minmay_swamp_entry_eels,
          minmay_snake_entry_guardpost_large
Lair:5:   layout_regular_city, chequers_serial_rivers_small_b,
          beast_lair_carwin_6
Lair:6:   guppyfry_lair_end_dragon, layout_regular_city,
          hangedman_lair_caniforms_friends, slime_altar_1, gammafunk_ghost_ooze,
          hangedman_lair_generics_rect
Swamp:1:  layout_falls_marsh, basic_altar, swamp_pool1,
          nicolae_swamp_necromancer_hut
Orc:1:    layout_caves, serial_shops, shop, lightli_church_of_beogh, uniq_urug,
          uniq_snorg
Orc:2:    st_orc_open, layout_diamond_mine, basic_altar

Skill      XL: |  1  2  3  4  5  6  7  8  9 10 11 12 13 14 15 |
---------------+----------------------------------------------+-----
Spellcasting   | 1 3 5 7 8 |  8.3
Dodging        | 2 3 4 5 7 8 9 10 11 12 13 | 13.0
Conjurations   | 1 2 3 4 6 7 |  7.3
Poison Magic   | 1 2 |  2.0
Earth Magic    | 4 5 6 8 10 11 12 13 | 13.2
Fighting       | 4 5 |  5.0
Long Blades    | 4 5 |  5.2
Necromancy     | 4 5 |  5.2
Shields        | 4 6 8 9 |  9.8
Charms         | 4 5 |  5.4
Armour         | 4 6 |  6.1
Short Blades   | |  1.7
Throwing       | |  1.0
Stealth        | |  1.0
Air Magic      | |  1.0

Action                   |  1- 3 |  4- 6 |  7- 9 | 10-12 | 13-15 || total
-------------------------+-------+-------+-------+-------+-------++-------
Melee: Dagger            |    28 |   101 |       |       |       ||   129
       Short sword       |    98 |    16 |       |       |       ||   114
       Quarterstaff      |       |    35 |    25 |       |       ||    60
       Spear             |       |       |   133 |    35 |       ||   168
       Morningstar       |       |       |     5 |       |       ||     5
       Scimitar          |       |       |       |   301 |   668 ||   969
Throw: Throwing net      |       |     2 |     3 |       |     4 ||     9
 Cast: Sting             |    14 |    74 |    82 |   104 |       ||   274
       Sandblast         |     3 |    37 |    95 |   157 |   238 ||   530
       Stone Arrow       |       |       |    36 |   245 |   522 ||   803
       Lee's Rapid Decon |       |       |       |     4 |    41 ||    45
       Regeneration      |       |       |       |     2 |    28 ||    30
Evoke: Wand              |       |       |     6 |    28 |    27 ||    61
       Sack of spiders   |       |       |       |     1 |     4 ||     5
       Phantom mirror    |       |       |       |       |     1 ||     1
  Use: Scroll            |     2 |     1 |     5 |    20 |    22 ||    50
       Potion            |       |     1 |     3 |     3 |     5 ||    12
 Stab: Sleeping          |     1 |     4 |     1 |     3 |       ||     9
       Held in net/web   |       |       |     1 |     1 |     2 ||     4
       Paralysed         |       |       |       |       |    18 ||    18
       Confused          |       |       |       |       |     1 ||     1
       Distracted        |       |       |       |       |     1 ||     1
  Eat: Chunk             |     8 |    14 |    12 |    27 |    34 ||    95
       Ration            |       |       |     3 |    10 |    17 ||    30
Armor: Robe              |    16 |    45 |    27 |       |       ||    88
       Leather armour    |       |       |     9 |    86 |    38 ||   133
       Acid dragon scale |       |       |       |       |   139 ||   139
Dodge: Dodged            |    88 |   129 |   180 |   416 |   696 ||  1509
Block: Other             |       |       |     7 |    39 |       ||    46
       Reflection        |       |       |       |     2 |    27 ||    29
       Shield            |       |       |       |       |   672 ||   672
       Rpst.: Scimitar   |       |       |       |   108 |   173 ||   281
